 Dungeon Crawl Stone Soup version 0.28.0-53-g5a82cb258f (webtiles) character file.

Game seed: 1830713127932973352

95 protoss039 the Digger (level 4, -4/33 HPs)
             Began as a Demonspawn Earth Elementalist on June 1, 2022.
             Killed by an exploding orc (19 damage)
             ... ignited by their inner flame
             ... on level 3 of the Dungeon.
             The game lasted 00:06:34 (3019 turns).

protoss039 the Digger (DsEE)                        Turns: 3019, Time: 00:06:36

Health: -4/33      AC:  7    Str:  8    XL:     4   Next: 39%
Magic:  1/7        EV: 11    Int: 24    God:
Gold:   60         SH:  0    Dex: 14    Spells: 1/7 levels left

rFire   . . .      SeeInvis .   b - +3 dagger
rCold   . . .      Faith    .   (no shield)
rNeg    + . .      Spirit   .   p - +0 leather armour of Indecent Exposure {Rampage rN+}
rPois   +          Reflect  .   (no helmet)
rElec   .          Harm     .   (no cloak)
rCorr   .          Rampage  +   i - +1 pair of gloves
Will    .....                   (no boots)
Stlth   ++........              (no amulet)
HPRegen 0.11/turn               a - ring of poison resistance
MPRegen 0.10/turn               f - +6 ring of intelligence

@: no status effects
A: slimy green scales 1, powered by pain 1
a: no special abilities


You were on level 3 of the Dungeon.
You visited 1 branch of the dungeon, and saw 3 of its levels.

You collected 60 gold pieces.

Inventory:

Hand Weapons
 b - a +3 dagger (weapon)
Missiles
 c - 14 stones
Armour
 i - a +1 pair of gloves (worn)
 p - the +0 leather armour of Indecent Exposure (worn) {Rampage rN+}
   (You found it on level 3 of the Dungeon)

   rN:        It protects you from negative energy.
   Rampage:   It bestows one free step when moving towards enemies.
Jewellery
 a - a ring of poison resistance (left hand)
 f - a +6 ring of intelligence (right hand)
 j - a +6 ring of intelligence
 k - a ring of see invisible
Potions
 e - a potion of heal wounds {unknown}
 h - a potion of mutation {unknown}
 l - 2 potions of lignification {unknown}
 m - a potion of cancellation {unknown}
 o - a potion of haste {unknown}


   Skills:
 * Level 2.2 Fighting
 + Level 1.3 Armour
 - Level 1.7 Dodging
 - Level 1.7 Stealth
 + Level 2.4 Spellcasting
 * Level 1.1 Conjurations
 - Level 1.0 Transmutations
 + Level 3.1 Earth Magic


You had one spell level left.
You knew the following spells:

 Your Spells              Type           Power      Damage    Failure   Level
a - Sandblast             Erth           36%        2d10      4%          1
b - Passwall              Tmut/Erth      10%        N/A       11%         2
c - Stone Arrow           Conj/Erth      26%        3d8       21%         3

Your spell library contained the following spells:

 Spells                   Type           Power      Damage    Failure   Level
 Animate Skeleton         Necr           4%         N/A       16%         1
 Pain                     Necr           8%         1d4       16%         1
 Vampiric Draining        Necr           2%         2d6       43%         3
 Petrify                  Tmut/Erth      12%        N/A       56%         4


Dungeon Overview and Level Annotations

Branches:
Dungeon (3/15)

Altars:

Shops:
D:1 (**

Annotations:
D:2 Terence


Innate Abilities, Weirdness & Mutations

You are partially covered in slimy green scales. (AC +2)
You sometimes gain a little power by taking damage.


Message History

Unknown command.
Unknown command.
You see here 14 gold pieces.
Unknown command.
Unknown command.
You now have enough gold to buy 2 scrolls of fog on D:1, or buy a potion of heal wounds on D:1.
You can access your shopping list by pressing '$'.
You now have 60 gold pieces (gained 14).
The orc closely misses you.
A magic dart appears from out of thin air!
The magic dart hits you.
Unknown command.
Casting: Sandblast (safe; 4% risk of failure)
Confirm with . or Enter, or press ? or * to list all spells.
Aiming: Sandblast (safe; 4% risk of failure)
Press: ? - help, Shift-Dir - straight line The blast of sand hits something!
Flame seeps out of something.
The orc hits you but does no damage.
Reactivating autopickup.
You feel a bit more experienced.
The orc wizard explodes!
The fiery explosion engulfs the orc!!
The fiery explosion engulfs the orc!
The orc explodes! x2
Your Conjurations skill increases to level 1!
You have reached level 4!
You feel agile.
Unknown command.
Unknown command.
Unknown command.
Unknown command.
Unknown command.
Your magical contamination has completely faded away.
You barely miss the orc. The orc misses you.
You hit the orc.
Flame seeps out of the orc.
The orc is heavily wounded.
The orc is engulfed in blazing flames.
The orc explodes!
The fiery explosion engulfs you!!
Ouch! That really hurt!
You die...

#.# #.# #.###
#.# #.# #.#
#.# #.# #.#
#.# #.# #.#
#.# #.# #.#
#.# #.# #.#
#.#####
##.###.#
#.....#
##......##
#####.#
#....@##.##
#.#
#.....○§..#
#.#
#.....##.##
###.#
##....##.#
#...#
####.##.#
#.### #.##.#
#.# #.##.#
#.#
#.##.########
#.#
#.##.........


There were no monsters in sight!

Vanquished Creatures
  An orc wizard (D:3)
  A worm (D:2)
  2 dart slugs
  3 orcs (D:3)
  3 bats
  8 endoplasms
  A giant cockroach (D:2)
  6 hobgoblins (D:2)
  8 kobolds
  2 quokkas
  4 ball pythons
  12 goblins
  4 rats
55 creatures vanquished.

Notes
Turn   | Place    | Note
-------+----------+-------------------------------------------
     0 | D:1      | protoss039 the Demonspawn Earth Elementalist began the
                  | quest for the Orb.
     0 | D:1      | Reached XP level 1. HP: 13/13 MP: 3/3
    67 | D:1      | Reached skill level 1 in Transmutations
    99 | D:1      | Found Gujuse's General Store.
   434 | D:1      | Found Nofaf's General Store.
   600 | D:1      | Reached skill level 1 in Fighting
   600 | D:1      | Gained mutation: You sometimes gain a little power by
                  | taking damage. [demonic ancestry]
   600 | D:1      | Reached XP level 2. HP: 21/21 MP: 0/5
  1100 | D:1      | Found Arafreng's Weapon Emporium.
  1256 | D:1      | Learned a level 2 spell: Passwall
  1511 | D:2      | Gained mutation: You are partially covered in slimy green
                  | scales. (AC +2) [demonic ancestry]
  1511 | D:2      | Reached XP level 3. HP: 26/26 MP: 6/6
  1568 | D:2      | Learned a level 3 spell: Stone Arrow
  1575 | D:2      | Noticed Terence
  1798 | D:2      | Reached skill level 3 in Earth Magic
  1864 | D:2      | Reached skill level 1 in Armour
  2752 | D:3      | Identified the +0 leather armour of Indecent Exposure
                  | {Rampage rN+}
  2990 | D:3      | Noticed a necrophage
  3008 | D:3      | Reached skill level 1 in Conjurations
  3008 | D:3      | Reached XP level 4. HP: 13/33 MP: 0/7
  3019 | D:3      | Killed by an exploding orc... ignited by their inner flame

Illustrated notes

Levels and vault maps discovered:
D:1:      nicolae_arrival_washed_ashore, layout_basic, serial_shops,
          nicolae_shop_waterfront, nicolae_diamond_shop, nicolae_square_shop,
          chequers_avenue
D:2:      layout_loops_ring, grunt_ministairs_10, minmay_goblin_outpost,
          uniq_terence
D:3:      layout_loops_ring

Skill      XL: |  1  2  3 |
---------------+----------+-----
Transmutations | 1 |  1.0
Fighting       | 1 2 |  2.2
Earth Magic    | 3 |  3.1
Armour         | 1 |  1.3
Conjurations   | 1 |  1.1
Dodging        | |  1.7
Stealth        | |  1.7
Spellcasting   | |  2.4

Action                   |  1- 3 |  4- 6 || total
-------------------------+-------+-------++-------
Melee: Whip              |   116 |       ||   116
       Punch             |     3 |       ||     3
       Dagger            |     3 |     2 ||     5
 Cast: Sandblast         |    42 |       ||    42
       Stone Arrow       |     2 |       ||     2
  Use: Scroll            |     2 |       ||     2
 Stab: Sleeping          |     2 |       ||     2
Armor: Robe              |    23 |       ||    23
       Leather armour    |     7 |       ||     7
Dodge: Dodged            |    88 |     1 ||    89
